 Dungeon Crawl Stone Soup version 0.28-a0-793-g31680bbd8b (webtiles) character file.

Game seed: 1889122646026643391

14 demibob the Ruffian (level 2, 26/26 HPs)
             Began as a Ghoul Monk on Nov 4, 2021.
             Was a Believer of Dithmenos.
             Quit the game on level 1 of the Dungeon.
             The game lasted 00:00:46 (802 turns).

demibob the Ruffian (Ghoul Monk)                     Turns: 802, Time: 00:00:47

Health: 26/26      AC:  2    Str: 14    XL:     2   Next: 45%
Magic:  1/1        EV: 12    Int:  5    God:    Dithmenos [**....]
Gold:   32         SH:  0    Dex: 11    Spells: 1/1 levels left

rFire   . . .      SeeInvis .     - Unarmed
rCold   + . .      Faith    .   (no shield)
rNeg    + + +      Spirit   .   a - +0 robe
rPois   ∞          Reflect  .   (no helmet)
rElec   .          Harm     .   (no cloak)
rCorr   .          Rampage  .   (no gloves)
Will    .....                   (no boots)
Stlth   ++........              (no amulet)
HPRegen 0.08/turn               (no ring)
MPRegen 0.07/turn               (no ring)

@: wreathed by umbra
A: claws 1, cold resistance 1, negative energy resistance 3, inhibited
regeneration, torment resistance 2
a: Renounce Religion, Shadow Step


You were on level 1 of the Dungeon.
You worshipped Dithmenos.
Dithmenos was pleased with you.
You visited 1 branch of the dungeon, and saw 1 of its levels.

You collected 32 gold pieces.


Innate Abilities, Weirdness & Mutations

You thrive by killing the living.
You are immune to poison.
You have sharp fingernails.
Your flesh is cold resistant. (rC+)
You are immune to negative energy. (rN+++)
You do not regenerate when monsters are visible.
You are immune to unholy pain and torment.


   Skills:
 - Level 3.2 Fighting
 - Level 2.6 Dodging
 - Level 2.1 Stealth
 + Level 4.2 Unarmed Combat


You had one spell level left.
You didn't know any spells.
Your spell library contained the following spells:

 Spells                   Type           Power      Damage    Failure   Level
 Ozocubu's Armour         Ice            0%         N/A       85%         3
 Ozocubu's Refrigeration  Ice            0%         4d5       100%        7

Inventory:

Armour
 a - a +0 robe (worn)
Jewellery
 c - an amulet of regeneration
Scrolls
 d - a scroll of teleportation {unknown}
 e - a scroll of fear {unknown}
 g - a scroll of acquirement {unknown}
Potions
 b - a potion of heal wounds {unknown}
 f - a potion of curing {unknown}
 h - a potion of degeneration {unknown}

Dungeon Overview and Level Annotations

Branches:
Dungeon (1/15)

Altars:
Dithmenos

....### ####### #.#
#....|.) ..### #.#
######## .## #.# .#
##### #.# .#
#######...#######.#
.#
#..)..♣≈..........#
.#
#.###.♣P≈##....####
.# #.# #.≈≈≈##▓...#
.## #.# ##≈≈♣#
▓@.(# ..#
#.####.≈.##▓.▓##
..# #.......###..#
..# #.##....# #.##
..###.##.##.# #.#
..........#.# #.#
..###.##..#.# #.#
.## #.##..#.###.##
.# #.##.........# #


There were no monsters in sight!


Message History

The hobgoblin is moderately wounded.
The hobgoblin misses you.
You claw the hobgoblin!
You kill the hobgoblin!
No target in view!
No target in view!
No target in view!
No target in view!
No target in view!
No target in view!
You see here 7 bolts.
Done exploring.
Done exploring.
Done exploring.
Done exploring.
Done exploring.
Search for what [? for help]? alt You see here a +0 club.
You enter the shallow water.
Moving in this stuff is going to be slow.
There is a faded altar of an unknown god here.
You see here a -2 short sword.
You cannot tell which god this altar belongs to.
Convert to them anyway? [Y]es or [N]o only, please.
You cannot tell which god this altar belongs to.
Convert to them anyway?
Dithmenos accepts your prayer! Dithmenos welcomes you!
You are shrouded in an aura of darkness!
You can now step into the shadows of nearby creatures.
Are you sure you want to abandon this character and quit the game? (Confirm with "yes".)

Skill      XL: |  1  2 |
---------------+-------+-----
Unarmed Combat | 4 |  4.2
Fighting       | |  3.2
Dodging        | |  2.6
Stealth        | |  2.1

Action                   || total
-------------------------++-------
Melee: Unarmed           ||    35
       Punch             ||     1
 Stab: Sleeping          ||     1
Armor: Robe              ||     4
Dodge: Dodged            ||    20

Levels and vault maps discovered:
D:1:      pf_arrival_petrified_forest, layout_loops_ring, serial_bayou,
          serial_bayou_pond_e, serial_bayou_pond_e, serial_bayou_ford_a,
          serial_bayou_shore_b, ebering_ecumenical_altar_rust

Notes
Turn   | Place    | Note
-------+----------+-------------------------------------------
     0 | D:1      | demibob the Ghoul Monk began the quest for the Orb.
     0 | D:1      | Reached XP level 1. HP: 19/19 MP: 0/0
   310 | D:1      | Found a faded altar of an unknown god.
   420 | D:1      | Reached XP level 2. HP: 26/26 MP: 1/1
   528 | D:1      | Reached skill level 4 in Unarmed Combat
   801 | D:1      | Prayed at the altar of an unknown god.
   801 | D:1      | Became a worshipper of Dithmenos the Shadowed
   801 | D:1      | Reached * piety under Dithmenos
   801 | D:1      | Reached ** piety under Dithmenos
   802 | D:1      | Quit the game

Vanquished Creatures
  2 endoplasms (D:1)
  3 giant cockroaches (D:1)
  A goblin (D:1)
  2 hobgoblins (D:1)
  A ball python (D:1)
  A frilled lizard (D:1)
  A kobold (D:1)
  2 rats (D:1)
13 creatures vanquished.

Table legend: (Time is in decaauts)
 A = Elapsed time spent in this place.
 B = Non-inter-level travel time spent in this place.
 C = Inter-level travel time spent in this place.
 D = Time resting spent in this place.
 E = Time spent auto-exploring this place.
 F = Levels seen in this place.
 G = Mean time per level.
                   A        B        C        D        E       F      G
               +--------+--------+--------+--------+--------+-----+--------+
         Total |    813 |    800 |     13 |      0 |    683 |   1 |  813.0 |
       Dungeon |    813 |    800 |     13 |      0 |    683 |   1 |  813.0 |
               +--------+--------+--------+--------+--------+-----+--------+

Top non-repeatable levels by time:
     D:1: 813 daAuts

Table legend:
 A = Non-vault XP
 B = Vault XP
 C = Vault XP percentage of total XP
 D = Non-vault monster count
 E = Vault monster count
 F = Vault count percentage of total count
                 A         B        C        D         E       F
            +---------+---------+-------+---------+---------+-------
      Total |      21 |       0 |   0.0 |      13 |       0 |   0.0
            +---------+---------+-------+---------+---------+-------
        D:1 |      21 |       0 |   0.0 |      13 |       0 |   0.0
            +---------+---------+-------+---------+---------+-------
